 Dungeon Crawl Stone Soup version 0.31-a0-1603-gbec6b6ccbf (webtiles) character file.

Game seed: 7159895634536445904

154 Curundu the Chopper (level 5, -1/45 HPs)
             Began as a Minotaur Berserker on Jan 7, 2024.
             Was a Believer of Trog.
             Slain by a kobold brigand
             ... wielding a +0 dagger of speed
              (3 damage)
             ... on level 3 of the Dungeon.
             The game lasted 00:06:23 (2034 turns).

Curundu the Chopper (Minotaur Berserker)            Turns: 2034, Time: 00:06:24

Health: -1/45      AC:  8    Str: 24    XL:     5   Next: 13%
Magic:  4/4        EV:  9    Int:  4    God:    Trog [**....]
Gold:   123        SH:  0    Dex:  9    Spells: 4/4 levels left

rFire   . . .        m - +2 whip (venom)
rCold   . . .        (no shield)
rNeg    . . .        o - +0 chain mail
rPois   .            (helmet restricted)
rElec   .            (no cloak)
rCorr   .            (no gloves)
SInv    .            (no boots)
Will    .....        (no amulet) Stlth
                     (no ring)
HPRegen 0.27/turn    (no ring)
MPRegen 0.09/turn

%: no passive effects
@: lethally poisoned (-1 -> -5)
A: horns 2, retaliatory headbutt
a: Renounce Religion, Berserk, Trog's Hand


You were on level 3 of the Dungeon.
You worshipped Trog.
Trog was pleased with you.
You visited 1 branch of the dungeon, and saw 3 of its levels.

You collected 123 gold pieces.

Inventory:

Hand Weapons
 a - a +0 hand axe
 m - a +2 whip of venom (weapon)
Armour
 o - a +0 chain mail (worn)
Jewellery
 c - a +6 ring of dexterity
Scrolls
 d - a scroll of revelation {unknown}
 e - a scroll of poison {unknown}
 g - a scroll of enchant armour {unknown}
 k - a scroll of fear {unknown}
 n - 2 scrolls of identify {unknown}
Potions
 b - a potion of resistance {unknown}
 f - 2 potions of might {unknown}
 h - a potion of magic {unknown}
 i - a potion of degeneration {unknown}


   Skills:
 - Level 3.6 Fighting
 + Level 7.1 Axes
 - Level 2.4 Armour
 - Level 2.1 Dodging


You had 4 spell levels left.
You didn't know any spells.
Your spell library was empty.

Dungeon Overview and Level Annotations

Branches:
Dungeon (3/15)

Altars:
Elyvilon


Innate Abilities, Weirdness & Mutations

You have a pair of horns on your head.
You reflexively headbutt those who attack you in melee.


Message History

The poisoned dart hits you!
You are more poisoned.
You struggle against the net.
You feel very sick. The hobgoblin barely misses you.
You rip the net and break free!
You feel very sick.
The kobold brigand hits you with a +0 dagger of speed.
The hobgoblin closely misses you. The kobold brigand barely misses you.
You feel sick.
The hobgoblin attacks as it pursues you!
The hobgoblin hits you but does no damage.
You feel very sick.
The kobold brigand attacks as it pursues you!
The kobold brigand misses you.
You barely miss the kobold brigand.
The kobold brigand is moderately wounded.
You feel sick.
The kobold brigand hits you with a +0 dagger of speed.
You hit the kobold brigand but do no damage.
The kobold brigand looks even sicker.
The kobold brigand is moderately wounded.
You feel sick.
The hobgoblin hits you but does no damage.
The kobold brigand hits you with a +0 dagger of speed.
You hit the kobold brigand but do no damage.
The kobold brigand looks as sick as possible!
The kobold brigand is moderately wounded.
You feel sick. The hobgoblin hits you with a +0 club.
* * * LOW HITPOINT WARNING * * *
The kobold brigand hits you with a +0 dagger of speed.
* * * LOW HITPOINT WARNING * * *
You hit the kobold brigand but do no damage.
The kobold brigand looks as sick as possible!
You headbutt the kobold brigand.
The kobold brigand is heavily wounded.
* * * LOW HITPOINT WARNING * * *
You feel sick.
The kobold brigand hits you with a +0 dagger of speed.
You die...

..... #.#.##.?# #.... #...
#...# ..# .... #..#####..##..#
#. ...... #...#.##..#..#
.......... #.#.#....##..# ~~#
.......## #.#......#..##≈~~#
......... #.#...##.#..#≈K~~#
.....>.. ##.....##.#gK##≈~~#
........ #......##.##@.# ~~#
#.... .#.##..###..#..# ..#
#.... ...........#.#..# .##
##†.. ..............#..#
..######.. ..............~#..##
.......... ..............~##..#
###.....#.
..............~~#..##
#.......##
............~~##..####.....#.##
........)..~~~~#..#............


You could see a kobold brigand (extremely poisoned) and a hobgoblin.

Vanquished Creatures
  A kobold brigand (D:3)
  2 adders (D:3)
  2 dart slugs (D:2)
  A ribbon worm (D:2)
  An orc (D:2)
  3 ball pythons
  3 endoplasms
  3 giant cockroaches
  4 goblins
  6 hobgoblins
  6 jackals (D:1)
  2 quokkas
  7 bats
  3 frilled lizards
  11 kobolds
  4 rats
59 creatures vanquished.

Notes
Turn   | Place    | Note
-------+----------+-------------------------------------------
     0 | D:1      | Curundu the Minotaur Berserker began the quest for the Orb.
     0 | D:1      | Reached XP level 1. HP: 19/19 MP: 0/0
   123 | D:1      | Reached skill level 4 in Axes
   321 | D:1      | Reached XP level 2. HP: 25/26 MP: 1/1
   750 | D:1      | Reached skill level 5 in Axes
   754 | D:1      | Reached ** piety under Trog
   769 | D:1      | Reached XP level 3. HP: 23/31 MP: 2/2
   893 | D:2      | HP: 1/31 [ribbon worm (5)]
  1051 | D:2      | Found a faded altar of an unknown god.
  1290 | D:2      | Found a white marble altar of Elyvilon.
  1839 | D:3      | Reached skill level 6 in Axes
  1839 | D:3      | Reached XP level 4. HP: 39/39 MP: 3/3
  1968 | D:3      | Noticed a kobold brigand
  1981 | D:3      | Killed a kobold brigand
  1982 | D:3      | Reached skill level 7 in Axes
  1982 | D:3      | Reached XP level 5. HP: 38/45 MP: 4/4
  2033 | D:3      | HP: 2/45 [kobold brigand/+0 dagger of speed (5)]
  2034 | D:3      | Slain by a kobold brigand

Illustrated notes

Levels and vault maps discovered:
D:1:      saegor_arrival_simple_d, layout_basic
D:2:      layout_basic, hellmonk_ecumenical_altar_defaced_shrine, basic_altar
D:3:      cheibrodos_thug_alley, layout_rooms, uniq_crazy_yiuf_cottage

Skill      XL: |  1  2  3  4 |
---------------+-------------+-----
Axes           | 4 5 6 7 |  7.1
Fighting       | |  3.6
Armour         | |  2.4
Dodging        | |  2.1

Action                     |  1- 3 |  4- 6 || total
---------------------------+-------+-------++-------
  Melee: Hand axe          |    74 |       ||    74
         Headbutt          |    20 |     5 ||    25
         Whip              |    10 |    37 ||    47
 Armour: Animal skin       |    38 |       ||    38
         Scale mail        |    16 |     7 ||    23
         Chain mail        |       |    27 ||    27
  Dodge: Dodged            |    61 |    20 ||    81

Table legend: (Time is in decaauts)
 A = Elapsed time spent in this place.
 B = Non-inter-level travel time spent in this place.
 C = Inter-level travel time spent in this place.
 D = Time resting spent in this place.
 E = Time spent auto-exploring this place.
 F = Levels seen in this place.
 G = Mean time per level.
                   A        B        C        D        E       F      G
               +--------+--------+--------+--------+--------+-----+--------+
         Total |   2034 |   2034 |      0 |    110 |   1433 |   3 |  678.0 |
       Dungeon |   2034 |   2034 |      0 |    110 |   1433 |   3 |  678.0 |
               +--------+--------+--------+--------+--------+-----+--------+

Top non-repeatable levels by time:
     D:2: 945 daAuts
     D:1: 881 daAuts
     D:3: 206 daAuts
